 Dungeon Crawl Stone Soup version 0.26-a0-639-g72c4674329 (webtiles) character file.

Game seed: 7695188788473564860

64 Flugslaktarn the Skirmisher (level 3, 0/34 HPs)
             Began as a Minotaur Fighter on Sept 20, 2020.
             Slain by a wight
             ... wielding a +4 hand axe
              (7 damage)
             ... on level 3 of the Dungeon.
             The game lasted 00:00:14 (236 turns).

Flugslaktarn the Skirmisher (Minotaur Fighter)       Turns: 236, Time: 00:00:15

Health: 0/34       AC:  7    Str: 20 (21) XL:     3   Next: 91%
Magic:  2/2        EV:  7    Int:  4 (5)  God:
Gold:   9          SH:  9    Dex:  8 (9)  Spells: 2/2 levels left

rFire    . . .     SeeInvis .   a - +0 war axe
rCold    . . .     Faith    .   c - +0 kite shield
rNeg     . . .     Spirit   .   b - +0 scale mail
rPois    .         Reflect  .   (helmet restricted)
rElec    .         Harm     .   (no cloak)
rCorr    .         Rampage  .   (no gloves)
MR       .....                  (no boots)
Stlth    ..........             (no amulet)
HPRegen  0.11/turn              (no ring)
MPRegen  0.08/turn              (no ring)

@: no status effects
A: retaliatory headbutt, horns 2
a: no special abilities


You were on level 3 of the Dungeon.
You visited 1 branch of the dungeon, and saw 3 of its levels.

You collected 9 gold pieces.

Inventory:

Hand Weapons
 a - a +0 war axe (weapon)
Armour
 b - a +0 scale mail (worn)
 c - a +0 kite shield (worn)
Scrolls
 h - a scroll of teleportation {unknown}
Potions
 d - 2 potions of might
 f - a potion of resistance {unknown}
 g - a potion of heal wounds {unknown}
 i - a potion of curing {unknown}


   Skills:
 * Level 4.4 Fighting
 * Level 3.6 Axes
 + Level 4.0 Armour
 + Level 4.1 Shields


You had 2 spell levels left.
You didn't know any spells.
Your spell library was empty.

Dungeon Overview and Level Annotations

Branches:
Dungeon (3/15)

Altars:


Innate Abilities, Weirdness & Mutations

You reflexively headbutt those who attack you in melee.
You have a pair of horns on your head.


Message History

Your headbutt misses the shadow imp. The shadow imp closely misses you.
You slash the shadow imp!
The shadow imp is heavily wounded.
The shadow imp gestures at you. Pain shoots through your body!
* * * LOW HITPOINT WARNING * * *
The shadow imp hits you but does no damage.
You are too injured to fight recklessly!
You are too injured to fight recklessly!
You are too injured to fight recklessly!
You are too injured to fight recklessly!
You are too injured to fight recklessly!
You hit the shadow imp.
You kill the shadow imp!
You block the wight's attack.
It was a potion of degeneration.
There was something very wrong with that liquid.
You feel weakened.
You feel dopey.
You feel clumsy. The wight hits you with a +4 hand axe!
You die...

.##+#
......#########
#.....).zz@...#
#.....#######.#
#...$ #.# #...
#.# #.. #.# #.
#.# # #.# #.#
#.#


You could see 2 wights.

Vanquished Creatures
  A wight (D:3)
  A shadow imp (D:3)
  2 leopard geckos
  A giant cockroach (D:1)
  7 goblins
  A kobold (D:1)
13 creatures vanquished.

Notes
Turn   | Place    | Note
-------+----------+-------------------------------------------
     0 | D:1      | Flugslaktarn the Minotaur Fighter began the quest for the
                  | Orb.
     0 | D:1      | Reached XP level 1. HP: 19/19 MP: 0/0
    74 | D:2      | Reached XP level 2. HP: 27/27 MP: 1/1
   214 | D:3      | Noticed a wight
   214 | D:3      | Noticed a wight
   215 | D:3      | Noticed a wight
   227 | D:3      | Killed a wight
   227 | D:3      | Reached XP level 3. HP: 14/34 MP: 2/2
   236 | D:3      | Slain by a wight

Illustrated notes

Levels and vault maps discovered:
D:1:      minmay_arrival_plants_in_alcoves, layout_basic
D:2:      layout_loops_ring, grunt_temple_overflow_magic_moments, uniq_robin
D:3:      layout_basic, minmay_misc_feat_five, st_stairs_3

Skill      XL: |  1  2 |
---------------+-------+-----
Fighting       | 4 |  4.4
Axes           | 3 |  3.6
Armour         | 4 |  4.0
Shields        | 4 |  4.1

Action                   || total
-------------------------++-------
Melee: War axe           ||    43
       Headbutt          ||     8
  Use: Potion            ||     1
Armor: Scale mail        ||    12
Dodge: Dodged            ||    10
Block: Kite shield       ||    20

Table legend: (Time is in decaauts)
 A = Elapsed time spent in this place.
 B = Non-inter-level travel time spent in this place.
 C = Inter-level travel time spent in this place.
 D = Time resting spent in this place.
 E = Time spent auto-exploring this place.
 F = Levels seen in this place.
 G = Mean time per level.
                   A        B        C        D        E       F      G
               +--------+--------+--------+--------+--------+-----+--------+
         Total |    255 |    240 |     15 |      0 |    138 |   3 |   85.0 |
       Dungeon |    255 |    240 |     15 |      0 |    138 |   3 |   85.0 |
               +--------+--------+--------+--------+--------+-----+--------+

Top non-repeatable levels by time:
     D:2: 115 daAuts
     D:3: 75 daAuts
     D:1: 64 daAuts
